 Dungeon Crawl Stone Soup version 0.30.1 (webtiles) character file.

Game seed: 12986200003996883719

31 Peloso the Shield-Bearer (level 3, 33/33 HPs)
             Began as a Minotaur Fighter on July 12, 2023.
             Got out of the dungeon alive.
             The game lasted 00:02:04 (1370 turns).

Peloso the Shield-Bearer (Minotaur Fighter)         Turns: 1370, Time: 00:02:04

Health: 33/33      AC:  9    Str: 20    XL:     3   Next: 7%
Magic:  2/2        EV:  7    Int:  5    God:
Gold:   8          SH:  4    Dex: 11    Spells: 2/2 levels left

rFire   . . .        a - +0 long sword
rCold   . . .        d - +0 buckler
rNeg    . . .        c - +0 chain mail
rPois   .            (helmet unavailable)
rElec   .            (no cloak)
rCorr   .            (no gloves)
SInv    .            (no boots)
Will    .....        (no amulet) Stlth
                     (no ring)
HPRegen 0.25/turn    (no ring)
MPRegen 0.08/turn

%: no passive effects
@: no status effects
A: horns 3, retaliatory headbutt, hooves 1, deterioration 1
a: no special abilities


You escaped.
You visited 1 branch of the dungeon, and saw 1 of its levels.

You collected 8 gold pieces.

Inventory:

Hand Weapons
 a - a +0 long sword (weapon)
 b - a +1 whip of flaming
Armour
 c - a +0 chain mail (worn)
 d - a +0 buckler (worn)
Potions
 j - a potion of might


   Skills:
 + Level 4.1 Fighting
 + Level 2.7 Long Blades
 + Level 3.9 Armour
 + Level 0.2 Dodging
 + Level 4.3 Shields


You had 2 spell levels left.
You didn't know any spells.
Your spell library was empty.

Dungeon Overview and Level Annotations

Branches:
Dungeon (1/15)

Altars:


Innate Abilities, Weirdness & Mutations

You have a pair of large horns on your head.
You reflexively headbutt those who attack you in melee.
You have large cloven feet.
Your body sometimes deteriorates upon taking damage.


Message History

It was a potion of mutation.
You feel extremely strange.
You feel yourself wasting away.
Your feet thicken and deform.
The horns on your head grow some more.
You start resting.
HP restored.
You feel less wooden.
Your +0 chain mail unmelds from your body.
You start waiting.
You recover from your berserk rage.
You start waiting.
Done waiting.
You start waiting.
Done waiting.
It was a potion of curing.
You feel better.
It was a potion of ambrosia.
You are confused.
You feel invigorated.
You bump into the rock wall.
You're too confused to move!
You bump into the rock wall.
You start waiting.
You feel less invigorated.
You feel less confused.
You start waiting.
Done waiting.
You start waiting.
Done waiting.
You start waiting.
Done waiting.
You start waiting.
Done waiting.
(D) Dungeon
Where to? (? - help)
What level of the Dungeon? (default 1, ? - help)
You open the door.
There is an open door here.
There is an open door here.
There is a staircase leading out of the dungeon here.
Are you sure you want to leave the Dungeon?
This will make you lose the game!
You have escaped!

...........# ##########.#
#.### ####...## #....#..#
#.#'###'# #####.....#####
#...#.....#...#
#####.8.'..8..'.@.#
....#...#.....#...#
#########.....##### .##
###+### ..# ### #...# ###
..# #.# #.8.# ###.######
..# #.# #...# #........#
..####.#########...####.#
........###........# #.#


There were no monsters in sight!

Vanquished Creatures
  A dart slug (D:1)
  3 endoplasms (D:1)
  2 giant cockroaches (D:1)
  2 goblins (D:1)
  2 hobgoblins (D:1)
  3 kobolds (D:1)
  3 ball pythons (D:1)
  6 bats (D:1)
  A frilled lizard (D:1)
  5 rats (D:1)
28 creatures vanquished.

Notes
Turn   | Place    | Note
-------+----------+-------------------------------------------
     0 | D:1      | Peloso the Minotaur Fighter began the quest for the Orb.
     0 | D:1      | Reached XP level 1. HP: 19/19 MP: 0/0
   116 | D:1      | Reached XP level 2. HP: 27/27 MP: 1/1
   431 | D:1      | Reached XP level 3. HP: 33/33 MP: 2/2
   727 | D:1      | Gained mutation: Your body sometimes deteriorates upon
                  | taking damage. [potion of mutation]
   727 | D:1      | Gained mutation: You have large cloven feet. [potion of
                  | mutation]
   727 | D:1      | Gained mutation: You have a pair of large horns on your
                  | head. [potion of mutation]
  1370 | D:$      | Got out of the dungeon alive.

Illustrated notes

Levels and vault maps discovered:
D:1:      minmay_arrival_stair_chambers, layout_loops_ring

Skill      XL: |  1  2 |
---------------+-------+-----
Fighting       | 4 |  4.1
Shields        | 4 |  4.3
Long Blades    | |  2.7
Armour         | |  3.9
Dodging        | |  0.2

Action                     || total
---------------------------++-------
  Melee: Long sword        ||    59
         Headbutt          ||     5
    Use: Scroll            ||     1
         Potion            ||     6
 Armour: Scale mail        ||    36
         Chain mail        ||     6
  Dodge: Dodged            ||    33
  Block: Buckler           ||    14
